 Dungeon Crawl Stone Soup version 0.29.1-15-g9cfb28693d (webtiles) character file.

Game seed: 487953551119438243

5548 Mysteryquy the Cleaver (level 10, 0/91 HPs)
             Began as a Minotaur Berserker on Apr 26, 2023.
             Was a High Priest of Trog.
             Killed by divine providence
             ... invoked by an orc priest
              (12 damage)
             ... on level 8 of the Dungeon.
             The game lasted 00:10:05 (7318 turns).

Mysteryquy the Cleaver (Minotaur Berserker)         Turns: 7318, Time: 00:10:05

Health: 0/91       AC: 16    Str: 27    XL:     10   Next: 44%
Magic:  9/9        EV: 13    Int:  4    God:    Trog [*****.]
Gold:   480        SH:  0    Dex: 13    Spells: 9/9 levels left

rFire   . . .      SeeInvis .   G - +0 battleaxe
rCold   . . .      Faith    .   (shield currently unavailable)
rNeg    . . .      Spirit   .   Q - +1 plate armour {rPois}
rPois   +          Reflect  .   (helmet restricted)
rElec   +          Harm     .   (no cloak)
rCorr   .          Rampage  .   n - +0 pair of gloves
Will    ++...                   (no boots)
Stlth   ..........              t - amulet of Vomeuduq {RegenMP Contam rElec rPois Dex+4}
HPRegen 1.25/turn               g - +4 ring of slaying
MPRegen 0.51/turn               d - +4 ring of evasion

@: about to teleport, strong-willed, on berserk cooldown, regenerating, slowed,
very slow
A: horns 2, retaliatory headbutt
a: Renounce Religion, Berserk, Trog's Hand, Brothers in Arms


You were on level 8 of the Dungeon.
You worshipped Trog.
Trog was extremely pleased with you.
You visited 1 branch of the dungeon, and saw 8 of its levels.

You collected 510 gold pieces.
You spent 30 gold pieces at shops.

Inventory:

Hand Weapons
 G - a +0 battleaxe (weapon)
Missiles
 P - 4 curare-tipped darts (quivered)
Armour
 n - a +0 pair of gloves (worn)
 Q - a +1 plate armour of poison resistance (worn)
Jewellery
 d - a +4 ring of evasion (right hand)
 e - a ring of positive energy
 g - a +4 ring of slaying (left hand)
 t - the amulet of Vomeuduq (around neck) {RegenMP Contam rElec rPois Dex+4}
   (You found it on level 2 of the Dungeon)

   [amulet of magic regeneration]

   It increases your rate of magic regeneration.
   Dex:       It affects your dexterity (+4).
   rElec:     It insulates you from electricity.
   rPois:     It protects you from poison.
   Contam:    It causes magical contamination when unequipped.
 D - an amulet of magic regeneration
 J - the ring of Fanaticism {rPois SInv}
   (You found it on level 6 of the Dungeon)

   [ring of see invisible]

   rPois:     It protects you from poison.
   SInv:      It lets you see invisible.
 M - a ring of flight
 N - a ring of see invisible
Wands
 C - a wand of polymorph (9)
 E - a wand of charming (40)
 I - a wand of iceblast (9)
Scrolls
 f - a scroll of torment {unknown}
 h - 4 scrolls of amnesia {unknown}
 i - a scroll of brand weapon {unknown}
 j - 2 scrolls of silence {unknown}
 l - 3 scrolls of teleportation
 m - 4 scrolls of blinking {unknown}
 o - a scroll of acquirement {unknown}
 p - 5 scrolls of identify {unknown}
 v - 4 scrolls of vulnerability {unknown}
 y - a scroll of butterflies {unknown}
 z - a scroll of magic mapping {unknown}
 A - a scroll of enchant weapon {unknown}
 F - 3 scrolls of fear {unknown}
 O - 2 scrolls of noise {unknown}
Potions
 a - 2 potions of lignification {unknown}
 b - a potion of magic {unknown}
 c - a potion of cancellation {unknown}
 q - a potion of berserk rage {unknown}
 r - 5 potions of heal wounds {unknown}
 s - a potion of attraction {unknown}
 u - 2 potions of brilliance {unknown}
 w - 2 potions of curing {unknown}
 H - a potion of mutation {unknown}
 K - 2 potions of flight {unknown}
 L - a potion of invisibility {unknown}


   Skills:
 + Level 9.2 Fighting
 + Level 14.1 Axes
 + Level 8.0 Armour
 + Level 4.2 Dodging
 + Level 2.3 Stealth


You had 9 spell levels left.
You didn't know any spells.
Your spell library was empty.

Dungeon Overview and Level Annotations

Branches:
Dungeon (8/15)             Temple (0/1) D:7
   Lair: D:8-11

Altars:
Gozag
Kikubaaqudgha
Makhleb
Sif Muna
Yredelemnul

Shops:
D:3 ?


Innate Abilities, Weirdness & Mutations

You have a pair of horns on your head.
You reflexively headbutt those who attack you in melee.


Message History

You feel strong-willed.
The howler monkey hits you but does no damage.
The howler monkey misses you.
Your attacks no longer feel as feeble.
The howler monkey attacks as you move away!
The howler monkey hits you but does no damage.
The howler monkey closely misses you. The howler monkey hits you.
* * * LOW HITPOINT WARNING * * *
You barely miss the gnoll. Your headbutt misses the gnoll.
You barely miss the howler monkey. The gnoll barely misses you.
The howler monkey hits you but does no damage.
An orc comes into view. It is wielding a +0 flail.
The gnoll barely misses you. The howler monkey closely misses you.
You are too injured to fight recklessly!
You barely miss the gnoll. You hit the howler monkey.
The howler monkey hits you.
* * * LOW HITPOINT WARNING * * *
A howler monkey comes into view.
The gnoll hits you but does no damage. The howler monkey barely misses you.
You slash the gnoll!
You kill the gnoll!
Trog accepts your kill.
You barely miss the howler monkey.
An orc priest comes into view. It is wielding a +0 club.
The howler monkey hits you.
* * * LOW HITPOINT WARNING * * *
The howler monkey hoots and howls with incredible vigour!
The orc priest shouts!
You hear a howl!
You hear a shout!
You hear a howl!
You hear a bark!
As you read the scroll of teleportation, it crumbles to dust.
You feel strangely unstable.
The howler monkey completely misses you.
The orc hits you with a +0 flail!
* * * LOW HITPOINT WARNING * * *
Something hits you but does no damage.
The howler monkey hits you but does no damage.
The orc priest mumbles some strange prayers to Beogh against you.
Beogh smites you!
You die...

##.#............#
#######..#...........##
......................
~≈~~~....~~~~~~~≈~~≈~~
≈≈≈≈~....~≈≈≈≈≈≈≈≈≈≈≈≈
~≈~~~..).~~~~~≈~~ ~~~#
................. ...#
#####''''######## #
#@...# #h{..# #oh..#
##### #.)..# ###
......#...)#...g.
#8..'o).)'.....
#8..'))..'.....
......#8..8#.....
#################


You could see 2 howler monkeys, an orc priest and an orc.

Vanquished Creatures
  Eustachio (D:5)
  6 yaks (D:6)
  An acid dragon (D:8)
  A water moccasin (D:5)
  A sky beast (D:6)
  2 black bears
  5 orc warriors
  2 ice beasts (D:6)
  6 ogres
  A centaur (D:8)
  3 phantoms
  2 bullfrogs (D:7)
  2 gnoll sergeants (D:8)
  2 necrophages (D:7)
  A water moccasin zombie (D:5)
  A scorpion (D:5)
  13 wights
  10 howler monkeys
  An electric eel (D:6)
  A spectral bullfrog (D:5)
  A bullfrog zombie (D:5)
  A jelly (D:6)
  A water moccasin simulacrum (D:5)
  2 gnoll boudas (D:8)
  4 orc priests
  4 hounds
  Jessica (D:2)
  A bullfrog skeleton (D:5)
  6 orc wizards
  5 iguanas
  A hound skeleton (D:7)
  7 gnolls
  A howler monkey zombie (D:5)
  6 adders
  A shadow imp (D:6)
  3 white imps
  3 worms (D:2)
  A dart slug (D:2)
  29 orcs
  6 endoplasms
  9 giant cockroaches
  4 goblins
  6 hobgoblins
  7 jackals
  3 quokkas
  10 ball pythons
  5 bats
  A frilled lizard (D:3)
  6 kobolds
  8 rats
205 creatures vanquished.

Vanquished Creatures (others)
  16 withered plants (D:5)
16 creatures vanquished.

Grand Total: 221 creatures vanquished

Notes
Turn   | Place    | Note
-------+----------+-------------------------------------------
     0 | D:1      | Mysteryquy the Minotaur Berserker began the quest for the
                  | Orb.
     0 | D:1      | Reached XP level 1. HP: 19/19 MP: 0/0
    64 | D:1      | Found a faded altar of an unknown god.
   211 | D:1      | Reached XP level 2. HP: 13/27 MP: 1/1
   634 | D:1      | Reached skill level 4 in Axes
  1137 | D:1      | Reached XP level 3. HP: 9/33 MP: 2/2
  1490 | D:1      | Reached ** piety under Trog
  2055 | D:2      | Noticed Jessica
  2062 | D:2      | Killed Jessica
  2063 | D:2      | Reached skill level 1 in Stealth
  2063 | D:2      | Reached XP level 4. HP: 30/40 MP: 3/3
  2371 | D:2      | Identified the amulet of Vomeuduq {RegenMP Contam rElec
                  | rPois Dex+4}
  2784 | D:3      | Reached skill level 5 in Axes
  2784 | D:3      | Reached XP level 5. HP: 47/47 MP: 4/4
  2887 | D:3      | Found Juwn's Magic Scroll Shoppe.
  2904 | D:3      | Bought a scroll of teleportation for 30 gold pieces
  2955 | D:3      | Found an opulent altar of Gozag.
  3194 | D:4      | Noticed an ogre
  3199 | D:4      | Killed an ogre
  3358 | D:4      | Reached XP level 6. HP: 49/53 MP: 5/5
  3588 | D:4      | Reached skill level 6 in Axes
  3627 | D:4      | Found an ancient bone altar of Kikubaaqudgha.
  3630 | D:4      | Reached skill level 5 in Fighting
  3987 | D:5      | Entered Level 5 of the Dungeon
  3987 | D:5      | Noticed a water moccasin
  3994 | D:5      | Killed a water moccasin
  3995 | D:5      | Reached XP level 7. HP: 61/61 MP: 6/6
  4009 | D:5      | Reached *** piety under Trog
  4011 | D:5      | Noticed Eustachio
  4020 | D:5      | Reached skill level 7 in Axes
  4087 | D:5      | Killed Eustachio
  4152 | D:5      | Reached skill level 5 in Armour
  4156 | D:5      | Reached skill level 8 in Axes
  4260 | D:5      | Reached XP level 8. HP: 49/70 MP: 7/7
  4604 | D:5      | Found the +4 dagger "Morg" {pain, Will+ Int+5}
  4612 | D:5      | Reached skill level 9 in Axes
  4850 | D:5      | Reached skill level 10 in Axes
  4959 | D:5      | Found a basalt altar of Yredelemnul.
  5094 | D:6      | Reached XP level 9. HP: 69/78 MP: 8/8
  5095 | D:6      | Reached skill level 11 in Axes
  5236 | D:6      | Identified the ring of Fanaticism {rPois SInv}
  5305 | D:6      | Reached skill level 12 in Axes
  5599 | D:6      | Found a shimmering blue altar of Sif Muna.
  5600 | D:6      | Reached **** piety under Trog
  6151 | D:7      | Reached skill level 13 in Axes
  6332 | D:7      | Reached XP level 10. HP: 87/88 MP: 9/9
  6498 | D:7      | Found a staircase to the Ecumenical Temple.
  6604 | D:7      | Found a burning altar of Makhleb.
  6714 | D:8      | Reached ***** piety under Trog
  7096 | D:8      | Reached skill level 14 in Axes
  7318 | D:8      | Killed from afar by an orc priest

Illustrated notes

Levels and vault maps discovered:
D:1:      minmay_arrival_hallway, layout_loops_corners,
          ebering_ecumenical_altar_box
D:2:      layout_loops_ring, minmay_pentomino_r2, uniq_jessica
D:3:      layout_rooms, mainiacjoe_overflow_concentric_impassable, serial_shops,
          shop, grunt_ministairs_4
D:4:      minmay_diamond_boxcup, layout_loops_ring, kiku_gazebo_pond_becter,
          kennysheep_flooded_box
D:5:      layout_rooms, lemuel_zombie_altar_yredelemnul,
          dilly_guarded_unrand_morg, uniq_eustachio
D:6:      layout_rooms, old_standard_altar, fountainhead
D:7:      layout_loops_ring, makhleb_blood_cavern_becter,
          minmay_temple_entry_butterflies
D:8:      lemuel_castle_with_subvaults [lemuel_castle_interior_carwin_2],
          layout_cave_pools, serial_glass, glass_columns_a, glass_columns_b,
          due_unseen_surprise, feat_on_display

Skill      XL: |  1  2  3  4  5  6  7  8  9 10 |
---------------+-------------------------------+-----
Axes           | 4 5 6 8 10 13 14 | 14.1
Fighting       | 4 5 6 8 9 |  9.2
Stealth        | 1 2 |  2.3
Armour         | 3 4 5 6 7 8 |  8.0
Dodging        | 3 4 |  4.2

Action                   |  1- 3 |  4- 6 |  7- 9 | 10-12 || total
-------------------------+-------+-------+-------+-------++-------
Melee: Hand axe          |    97 |    49 |       |       ||   146
       Headbutt          |     9 |    12 |    30 |    26 ||    77
       Punch             |     1 |       |       |       ||     1
       War axe           |       |    33 |    59 |       ||    92
       Battleaxe         |       |       |   109 |    94 ||   203
Invok: Berserk           |       |     2 |     2 |     1 ||     5
       Trog's Hand       |       |       |     1 |     1 ||     2
  Use: Scroll            |       |       |     1 |     1 ||     2
 Stab: Sleeping          |     1 |     1 |       |       ||     2
Armor: Animal skin       |    17 |       |       |       ||    17
       Ring mail         |     8 |    11 |       |       ||    19
       Plate armour      |       |     1 |    69 |    50 ||   120
Dodge: Dodged            |    48 |    60 |   100 |    64 ||   272
